 Dungeon Crawl Stone Soup version bcrawl-1.39.1 (webtiles) character file.

Game seed: 8739378256995451959

198661 Finalfun the Ducker (level 5, 44/45 HPs)
             Began as a Minotaur Archaeologist on Sept 26, 2023.
             Quit the game on level 2 of the Dungeon.
             The game lasted 00:04:20 (1465 turns).

Finalfun the Ducker (Minotaur Archaeologist)        Turns: 1465, Time: 00:04:20

Health: 44/45      AC: 12    Str: 17    XL:     5   Next: 9%
Magic:  4/4        EV: 10    Int: 11    God:
Gold:   108        SH:  4    Dex:  8    Spells: 4/4 levels left

rFire    . . .     GDR:     22% k - +0 dagger (elec)
rCold    . . .     SeeInvis .   h - +0 buckler {AC+3}
rNeg     . . .     Gourm    .   r - +0 ring mail
rPois    .         Faith    .   d - +1 hat
rElec    .         Spirit   .   (no cloak)
rCorr    .         Reflect  .   v - +0 pair of gloves
MR       .....                  m - +1 pair of boots
Stlth    +.........             t - amulet of the acrobat
HPRegen  0.17/turn              (no ring)
MPRegen  0.09/turn              (no ring)

@: no status effects
A: retaliatory headbutt, horns 2
a: no special abilities


You were on level 2 of the Dungeon.
You were not hungry.

You visited 1 branch of the dungeon, and saw 3 of its levels.

You collected 108 gold pieces.

Inventory:

Hand Weapons
 b - a +0 blowgun
 k - a +0 dagger of electrocution (weapon)
Missiles
 f - 6 curare-tipped needles
 l - 78 poisoned needles
 n - 812 stones (quivered)
Armour
 d - a +1 hat (worn)
 h - a +0 buckler of protection (worn)
 m - a +1 pair of boots (worn)
 o - a +0 medium shield
 r - a +0 ring mail (worn)
 v - a +0 pair of gloves (worn)
Jewellery
 t - an amulet of the acrobat (around neck)
Scrolls
 c - a scroll of immolation {unknown}
 g - a scroll of revelation
 i - a scroll of identify
 j - a scroll of remove curse
 u - 2 scrolls of teleportation {unknown}
 w - 2 scrolls of blinking {unknown}
 x - a scroll of fear
 y - a scroll of enchant weapon {unknown}
 A - a scroll of fog {unknown}
Potions
 p - 2 potions of lignification
 q - 3 potions of mutation
 s - 3 potions of curing
 z - a potion of berserk rage {unknown}
Comestibles
 a - 2 chunks of flesh
 e - 6 rations {!d}


   Skills:
 + Level 3.0 Fighting
   Level 1.2 Maces & Flails
 + Level 2.4 Armour
 + Level 4.2 Dodging
 - Level 3.0 Stealth
 + Level 2.4 Shields


You had 4 spell levels left.
You didn't know any spells.
Your spell library was empty.

Dungeon Overview and Level Annotations

Branches:
Dungeon (3/12)

Altars:


Innate Abilities, Weirdness & Mutations

You reflexively headbutt those who attack you in melee.
You have a pair of horns on your head.


Message History

No target in view!
No target in view!
No target in view!
As you read the scroll of acquirement, it crumbles to dust.
Acquire which item? (Press ! for descriptions.) A: +2 eveningstar of distortion; B: +0 buckler of protection C: +5 ring of evasion; D: manual of Slings; E: staff of poison F: wand of charming (9); G: 12 rations; H: 1330 gold pieces Acquire the +0 buckler of protection? (y/n)
Something appears at your feet!
h - a +0 buckler of protection You start removing your armour.
You continue taking off your +0 medium shield. x4
You finish taking off your +0 medium shield.
You start putting on your armour.
You continue putting on your +0 buckler of protection.
You finish putting on your +0 buckler of protection.
You feel protected.
Unknown command.
Are you sure you want to abandon this character and quit the game? (Confirm with "yes".)

......#.......####..# #.#..##
.....##...###.....#.### #....##
....###...# #####.#...#####.....#
##........# #................
#####....## #................
#......## #......).........
#.......# ##...............
#.#...#.######............... ###
#.##..#....)@...........รท)...
..###.##........##...............
...#..##..###..###..............#
.....####.####..##.............##
.............#..##..........#.###
.....####.##..#......#......#.##.
.....).<.........###.#...##...)>)
.....####.####.....#.#...###.#..#
.....# #.# ##.##.......###.#.##


There were no monsters in sight!

Vanquished Creatures
  An orc wizard (D:2)
  A worker ant (D:2)
  2 oozes
  3 dart slugs
  3 leopard geckos
  3 orcs (D:2)
  A ball python (D:1)
  A giant cockroach (D:1)
  11 goblins
  12 hobgoblins
  9 jackals (D:2)
  4 quokkas
  5 bats
  A frilled lizard (D:2)
  9 kobolds
  5 rats (D:1)
71 creatures vanquished.

Notes
Turn   | Place    | Note
-------+----------+-------------------------------------------
     0 | D:1      | Finalfun the Minotaur Archaeologist began the quest for the
                  | Orb.
     0 | D:1      | Reached XP level 1. HP: 16/16 MP: 0/0
   185 | D:1      | Reached XP level 2. HP: 20/23 MP: 1/1
   230 | D:1      | Reached skill level 1 in Armour
   341 | D:1      | Reached skill level 1 in Shields
   378 | D:1      | Reached XP level 3. HP: 25/29 MP: 2/2
   790 | D:2      | Reached XP level 4. HP: 22/37 MP: 3/3
  1018 | D:2      | Reached skill level 4 in Dodging
  1455 | D:2      | Reached XP level 5. HP: 42/45 MP: 4/4
  1455 | D:2      | Identified a scroll of acquirement
  1465 | D:2      | Quit the game

Skill      XL: |  1  2  3  4 |
---------------+-------------+-----
Armour         | 1 2 |  2.4
Shields        | 1 2 |  2.4
Fighting       | 2 3 |  3.0
Stealth        | 3 |  3.0
Dodging        | 4 |  4.2
Maces & Flails | |  1.2

Action                   |  1- 3 |  4- 6 || total
-------------------------+-------+-------++-------
Melee: Whip              |    89 |     3 ||    92
       Headbutt          |    19 |    10 ||    29
       Dagger            |       |    88 ||    88
  Use: Scroll            |     2 |     4 ||     6
 Stab: Sleeping          |     2 |     1 ||     3
  Eat: Chunk             |     2 |     5 ||     7
Armor: Robe              |     4 |       ||     4
       Ring mail         |    30 |    37 ||    67
Dodge: Dodged            |    53 |    31 ||    84
Block: Medium shield     |    20 |    32 ||    52
